 Dungeon Crawl Stone Soup version 0.27-a0-1308-gc08437e49b (webtiles) character file.

Game seed: 8040267953757050168

3493 bilbop the Conjurer (level 10, -2/73 HPs)
             Began as a Human Conjurer on June 18, 2021.
             Was a Believer of Vehumet.
             Slain by a vampire (4 damage)
             ... on level 10 of the Dungeon on June 19, 2021.
             The game lasted 00:58:36 (9505 turns).

bilbop the Conjurer (Human Conjurer)                Turns: 9505, Time: 00:58:36

Health: -2/73      AC:  6    Str: 14    XL:     10   Next: 28%
Magic:  13/17      EV: 13    Int: 19    God:    Vehumet [**....]
Gold:   427        SH:  4    Dex: 14    Spells: 13/19 levels left

rFire    + . .     SeeInvis .   a - +3 dagger (elec)
rCold    . . .     Faith    .   H - +0 buckler
rNeg     . . .     Spirit   .   p - +2 leather armour {rF+}
rPois    +         Reflect  .   (no helmet)
rElec    .         Harm     .   F - scarf {repulsion}
rCorr    .         Rampage  .   g - +0 pair of gloves
Will     .....                  (no boots)
Stlth    +++.......             (no amulet)
HPRegen  0.22/turn              w - ring of poison resistance
MPRegen  0.15/turn              I - +6 ring of strength

@: repel missiles
A: no striking features
a: Renounce Religion


You were on level 10 of the Dungeon.
You worshipped Vehumet.
Vehumet was pleased with you.
You visited 2 branches of the dungeon, and saw 10 of its levels.

You collected 427 gold pieces.

Inventory:

Hand Weapons
 a - a +3 dagger of electrocution (weapon)
 b - a +0 hand crossbow
 r - a +0 dagger of protection
 y - a +2 fustibalus of flaming
 B - a +2 dagger of speed
 L - a +2 dagger of venom
Missiles
 d - 92 bolts
 A - 3 sling bullets
 D - 7 atropa-tipped darts
 G - a throwing net
Armour
 g - a +0 pair of gloves (worn)
 p - a +2 leather armour of fire resistance (worn)
 q - a +0 leather armour of willpower
 F - a scarf of repulsion (worn)
 H - a +0 buckler (worn)
Jewellery
 e - an amulet of faith
 w - a ring of poison resistance (left hand)
 I - a +6 ring of strength (right hand)
 J - a ring of magical power
Wands
 x - a wand of flame (21)
Scrolls
 c - 2 scrolls of amnesia {unknown}
 i - 3 scrolls of teleportation
 l - 2 scrolls of vulnerability {unknown}
 m - 3 scrolls of magic mapping
 t - 3 scrolls of enchant armour
 v - 2 scrolls of fear {unknown}
 C - a scroll of noise {unknown}
 K - a scroll of blinking {unknown}
Potions
 f - 3 potions of magic
 h - a potion of lignification {unknown}
 k - 3 potions of curing
 n - a potion of attraction {unknown}
 o - 3 potions of mutation {unknown}
 s - a potion of brilliance {unknown}
 u - 2 potions of haste
 E - a potion of flight {unknown}


   Skills:
 + Level 4.9 Fighting
 + Level 4.9 Short Blades
 - Level 3.3 Slings
 + Level 2.7 Crossbows
 + Level 5.4 Dodging
 + Level 5.8 Stealth
 + Level 1.3 Shields
 + Level 5.0 Spellcasting
 + Level 6.4 Conjurations
 + Level 3.9 Invocations


You had 13 spell levels left.
You knew the following spells:

 Your Spells              Type           Power      Damage    Failure   Level
a - Magic Dart            Conj           100%       1d8       1%          1
b - Searing Ray           Conj           58%        3d5       2%          2
c - Mephitic Cloud        Conj/Pois/Air  13%        N/A       26%         3

Your spell library contained the following spells:

 Spells                   Type           Power      Damage    Failure   Level
 Dazzling Flash           Conj/Hex       34%        N/A       17%         3
 Animate Skeleton         Necr           8%         N/A       22%         1
 Beastly Appendage        Tmut           8%         N/A       22%         1
 Corona                   Hex            4%         N/A       22%         1
 Pain                     Necr           16%        1d4       22%         1
 Ensorcelled Hibernation  Hex/Ice        8%         N/A       32%         2
 Wereblood                Tmut           4%         N/A       32%         2
 Fulminant Prism          Conj/Hex       8%         3d7       50%         4
 Iskenderun's Mystic Bla  Conj/Tloc      17%        2d5       50%         4
 Confusing Touch          Hex            4%         N/A       54%         3
 Spider Form              Tmut/Pois      2%         N/A       54%         3
 Tukima's Dance           Hex            4%         N/A       54%         3
 Vampiric Draining        Necr           2%         2d6       54%         3
 Animate Dead             Necr           2%         N/A       91%         4
 Ice Form                 Ice/Tmut       4%         N/A       91%         4
 Agony                    Necr           4%         N/A       99%         5


Dungeon Overview and Level Annotations

Branches:
Dungeon (8/15)             Temple (1/1) D:4
   Lair: D:8-11

Altars:
Ashenzari
Cheibriados
Dithmenos
Elyvilon
Fedhas
Gozag
Hepliaklqana
Kikubaaqudgha
Makhleb
Nemelex Xobeh
Okawaru
Qazlal
Ru
Sif Muna
Trog
Uskayaw
Vehumet
Wu Jian
Xom
Yredelemnul
Zin
The Shining One

Shops:
D:2 (   D:3 (

Annotations:
D:8 5 transporters


Message History

The wight hits you with a +2 falchion.
You feel better.
You hear some strange, mumbled words.
Something tries to affect you, but you resist.
The wight hits you with a +2 falchion!
Casting: Searing Ray (safe; 2% risk of failure)
Confirm with . or Enter, or press ? or * to list all spells.
Aiming: Searing Ray (safe; 2% risk of failure)
Press: ? - help, Shift-Dir - straight line, f - wight
Aim: a wight, wielding a +2 mace of freezing and wearing a +0 robe (79% to hit)
The searing ray hits the wight!
The wight is heavily damaged.
The searing ray hits the wight.
The wight is moderately damaged. (Press . to maintain the ray.)
Something hits you! Something bites you but does no damage.
The wight misses you.
The searing ray hits the wight!
You destroy the wight!
Vehumet accepts your kill.
You feel your power returning.
The searing ray hits the wight!
The wight is severely damaged.
Something hits you but does no damage. Something bites you!
* * * LOW HITPOINT WARNING * * *
Something draws strength from your injuries!
Your life force feels restored.
The searing ray misses the wight.
The wight barely misses you. Something hits you.
* * * LOW HITPOINT WARNING * * *
Something bites you!
* * * LOW HITPOINT WARNING * * *
Something draws strength from your injuries!
The searing ray hits the wight!
You destroy the wight!
Vehumet accepts your kill.
The searing ray hits the wight!
The wight is heavily damaged.
You finish channeling your searing ray.
Something hits you but does no damage. Something bites you.
You die...

..##
#...
#..#
##..#
##..#
##..#
#z.##
##)##
#{@#
#.## #.#
######.#
#......#
#.######


You could see a wight.

Vanquished Creatures
  Sigmund (D:4)
  A steam dragon (D:7)
  A water moccasin (D:6)
  A black bear (D:5)
  2 orc warriors
  Purgy (D:4)
  4 necrophages
  2 centaurs
  2 ogres
  A phantom (D:5)
  A kobold brigand (D:8)
  4 bullfrogs
  2 gnoll sergeants
  A wyvern skeleton (D:6)
  15 wights
  A howler monkey (D:5)
  3 bullfrog zombies (D:6)
  2 hounds
  An orc priest (D:8)
  2 jellies (D:4)
  2 bullfrog skeletons
  2 centaur skeletons
  Natasha (thrice) (D:3)
  2 iguanas
  4 orc wizards
  9 gnolls
  A howler monkey skeleton (D:7)
  5 adders
  A shadow imp (D:6)
  3 white imps
  A worm (D:4)
  17 orcs
  5 bats
  11 endoplasms
  3 giant cockroaches
  6 hobgoblins
  4 jackals (D:4)
  2 quokkas (D:4)
  8 ball pythons
  4 frilled lizards
  12 goblins
  19 kobolds
  5 rats
177 creatures vanquished.

Vanquished Creatures (others)
  A plant (D:6)
1 creature vanquished.

Grand Total: 178 creatures vanquished

Notes
Turn   | Place    | Note
-------+----------+-------------------------------------------
     0 | D:1      | bilbop the Human Conjurer began the quest for the Orb.
     0 | D:1      | Reached XP level 1. HP: 13/13 MP: 3/3
   246 | D:1      | Reached XP level 2. HP: 20/20 MP: 3/5
   332 | D:1      | Learned a level 2 spell: Searing Ray
   639 | D:1      | Found a faded altar of an unknown god.
   818 | D:1      | Reached XP level 3. HP: 25/25 MP: 0/6
  1229 | D:2      | Found Rustos's Weapon Shoppe.
  1347 | D:2      | Reached skill level 1 in Fighting
  1431 | D:2      | Reached skill level 1 in Short Blades
  1731 | D:2      | Found an opulent altar of Gozag.
  1875 | D:3      | Reached XP level 4. HP: 29/32 MP: 1/7
  2046 | D:3      | Noticed a necrophage
  2052 | D:3      | Killed a necrophage
  2053 | D:3      | Reached XP level 5. HP: 31/38 MP: 1/8
  2054 | D:3      | Noticed Natasha
  2114 | D:3      | Found Woredomi's Antique Weapon Emporium.
  2181 | D:3      | Killed Natasha
  2182 | D:3      | Reached skill level 1 in Slings
  2371 | D:3      | Noticed Natasha
  2376 | D:3      | Killed Natasha
  2377 | D:3      | Reached XP level 6. HP: 44/44 MP: 2/10
  2442 | D:3      | Noticed Natasha
  2444 | D:3      | Killed Natasha
  2632 | D:3      | Noticed a necrophage
  2644 | D:3      | Killed a necrophage
  2996 | D:4      | Reached XP level 7. HP: 50/51 MP: 4/11
  3370 | D:4      | Noticed Sigmund
  3382 | D:4      | Killed Sigmund
  3600 | D:4      | Noticed Purgy
  3611 | D:4      | Killed Purgy
  3612 | D:4      | Reached skill level 5 in Conjurations
  3867 | D:4      | Reached XP level 8. HP: 58/58 MP: 6/13
  3936 | D:4      | Found a staircase to the Ecumenical Temple.
  3945 | Temple   | Entered the Ecumenical Temple
  4203 | Temple   | Became a worshipper of Vehumet
  4645 | D:5      | Entered Level 5 of the Dungeon
  5211 | D:5      | Reached skill level 1 in Invocations
  6075 | D:6      | Reached XP level 9. HP: 54/64 MP: 0/15
  6215 | D:6      | Reached * piety under Vehumet
  6215 | D:6      | Offered knowledge of Freeze by Vehumet.
  6346 | D:6      | Reached skill level 1 in Crossbows
  6870 | D:6      | Reached skill level 5 in Stealth
  6991 | D:6      | Offered knowledge of Static Discharge by Vehumet.
  6992 | D:6      | Reached skill level 6 in Conjurations
  7738 | D:7      | Reached ** piety under Vehumet
  8029 | D:7      | Reached skill level 5 in Dodging
  8304 | D:7      | Reached XP level 10. HP: 73/73 MP: 13/17
  8775 | D:8      | Noticed a centaur warrior
  8776 | D:8      | Found a transporter.
  8778 | D:8      | Found a transporter.
  8818 | D:8      | Found an ancient bone altar of Kikubaaqudgha.
  8828 | D:8      | Noticed a death knight
  8918 | D:8      | Noticed a centaur warrior
  8936 | D:8      | Noticed a centaur warrior
  8937 | D:8      | Found a transporter.
  8957 | D:8      | Found a transporter.
  8958 | D:8      | Found a transporter.
  8959 | D:8      | Noticed a two-headed ogre
  9021 | D:8      | Offered knowledge of Mephitic Cloud by Vehumet.
  9022 | D:8      | Reached skill level 1 in Shields
  9029 | D:8      | Learned a level 3 spell: Mephitic Cloud
  9154 | D:8      | Reached skill level 5 in Spellcasting
  9296 | D:8      | Reached *** piety under Vehumet
  9474 | D:8      | You fall into a shaft and drop 2 floors!
  9474 | D:10     | Entered Level 10 of the Dungeon
  9504 | D:10     | HP: 2/73 [something (12)]
  9505 | D:10     | Slain by a vampire

Illustrated notes

Levels and vault maps discovered:
D:1:      shiori_shiawase, layout_basic, hellmonk_ecumenical_altar_crossroads,
          chequers_serial_rivers_large_a
D:2:      layout_rooms, basic_altar, serial_shops, shop_statue, minmay_tall_x
D:3:      layout_loops_cross, serial_shops, nicolae_shop_overgrown_old_shop,
          hangedman_feature_mirror, uniq_natasha
D:4:      layout_basic, minmay_temple_entry_poolview, serial_corexii_hall,
          chequers_hall_statues_corner_a, chequers_hall_statues_y,
          corexii_hall_statues_i, chequers_hall_statues_corner_a,
          wad_floor_pattern_2, mrwooster_statue_mirror, uniq_sigmund, uniq_purgy
D:5:      layout_loops_ring, serial_glass, glass_columns_a, glass_columns_c
D:6:      corexii_shantytown, layout_basic
D:7:      layout_basic
D:8:      gammafunk_the_bubble [the_bubble_gammafunk_roulette],
          layout_loops_corners, lemuel_doored_altar,
          ploomutoo_gammafunk_ghost_potion_laboratory, grunt_ministairs_12,
          kennysheep_generic_room_14
D:10:     layout_rooms, lightli_church_of_beogh, uniq_erica
Temple:   regret_index_temple_sigil_plot

Skill      XL: |  1  2  3  4  5  6  7  8  9 10 |
---------------+-------------------------------+-----
Fighting       | 1 2 3 4 |  4.9
Short Blades   | 1 2 3 4 |  4.9
Slings         | 1 2 3 |  3.3
Stealth        | 3 4 5 |  5.8
Dodging        | 3 4 5 |  5.4
Spellcasting   | 3 4 5 |  5.0
Conjurations   | 5 6 |  6.4
Invocations    | 1 3 |  3.9
Crossbows      | 2 |  2.7
Shields        | 1 |  1.3

Action                   |  1- 3 |  4- 6 |  7- 9 | 10-12 || total
-------------------------+-------+-------+-------+-------++-------
Melee: Dagger            |    20 |    18 |    71 |    10 ||   119
 Cast: Magic Dart        |    39 |    18 |    13 |     1 ||    71
       Searing Ray       |     2 |    11 |    61 |    15 ||    89
  Use: Scroll            |       |       |     5 |     1 ||     6
       Potion            |       |       |       |     1 ||     1
 Stab: Sleeping          |     6 |     1 |    10 |     1 ||    18
       Distracted        |       |       |     1 |       ||     1
Armor: Robe              |     4 |     4 |       |       ||     8
       Leather armour    |       |     1 |    37 |     9 ||    47
Dodge: Dodged            |    10 |    14 |    99 |    21 ||   144
Block: Buckler           |       |       |       |     4 ||     4

Table legend: (Time is in decaauts)
 A = Elapsed time spent in this place.
 B = Non-inter-level travel time spent in this place.
 C = Inter-level travel time spent in this place.
 D = Time resting spent in this place.
 E = Time spent auto-exploring this place.
 F = Levels seen in this place.
 G = Mean time per level.
                   A        B        C        D        E       F      G
               +--------+--------+--------+--------+--------+-----+--------+
         Total |   9469 |   9311 |    158 |   2210 |   5879 |  10 |  946.9 |
       Dungeon |   9189 |   9064 |    125 |   2210 |   5635 |   9 | 1021.0 |
        Temple |    279 |    246 |     33 |      0 |    244 |   1 |  279.0 |
               +--------+--------+--------+--------+--------+-----+--------+

Top non-repeatable levels by time:
     D:6: 2061 daAuts
     D:4: 1463 daAuts
     D:1: 1192 daAuts
     D:7: 1099 daAuts
     D:3: 1069 daAuts
     D:5: 934 daAuts
     D:8: 713 daAuts
     D:2: 625 daAuts
  Temple: 279 daAuts
    D:10: 30 daAuts
